 Dungeon Crawl Stone Soup version 0.27-a0-1196-g3e9cee4cb2 (webtiles) character file.

Game seed: 12797084834578285001

833 bande the Covered (level 7, -5/44 HPs)
             Began as a Gargoyle Fighter on May 28, 2021.
             Killed by divine providence
             ... invoked by an orc priest
              (14 damage)
             ... on level 4 of the Dungeon.
             The game lasted 00:09:55 (6314 turns).

bande the Covered (Gargoyle Fighter)                Turns: 6314, Time: 00:09:56

Health: -5/44      AC: 17    Str: 20    XL:     7   Next: 98%
Magic:  7/7        EV:  6    Int:  9    God:
Gold:   195        SH: 10    Dex: 10    Spells: 6/6 levels left

rFire    . . .     SeeInvis .   m - +0 hand axe (elec)
rCold    . . .     Faith    .   c - +1 kite shield
rNeg     + . .     Spirit   .   p - +0 chain mail
rPois    ∞         Reflect  .   o - +0 helmet
rElec    +         Harm     .   l - +0 cloak
rCorr    .         Rampage  .   (no gloves)
Will     .....                  (no boots)
Stlth    ..........             (no amulet)
HPRegen  0.14/turn              (no ring)
MPRegen  0.10/turn              (no ring)

@: no status effects
A: sickness immunity, AC +4, negative energy resistance 1, electricity
resistance, torment resistance 1, petrification resistance
a: no special abilities


You were on level 4 of the Dungeon.
You visited 2 branches of the dungeon, and saw 5 of its levels.

You collected 195 gold pieces.

Inventory:

Hand Weapons
 a - a +0 war axe
 b - a +1 vorpal flail
 m - a +0 hand axe of electrocution (weapon)
Armour
 c - a +1 kite shield (worn)
 l - a +0 cloak (worn)
 o - a +0 helmet (worn)
 p - a +0 chain mail (worn)
Scrolls
 i - 4 scrolls of teleportation
 k - a scroll of fog
 q - a scroll of fear {unknown}
Potions
 d - a potion of curing
 e - a potion of invisibility
 f - 2 potions of haste
 g - a potion of resistance {unknown}
 h - a potion of magic {unknown}
 j - a potion of cancellation {unknown}
 n - 2 potions of berserk rage {unknown}
 r - 2 potions of brilliance {unknown}


   Skills:
 + Level 4.9 Fighting
 + Level 5.0 Axes
 + Level 5.4 Armour
 + Level 2.0 Dodging
 + Level 5.1 Shields


You had 6 spell levels left.
You didn't know any spells.
Your spell library contained the following spells:

 Spells                   Type           Power      Damage    Failure   Level
 Corona                   Hex            0%         N/A       100%        1
 Sandblast                Erth           0%         2d4       100%        1
 Passwall                 Tmut/Erth      0%         N/A       100%        2
 Slow                     Hex            0%         N/A       100%        2
 Inner Flame              Hex/Fire       0%         N/A       100%        3
 Portal Projectile        Hex/Tloc       0%         N/A       100%        3
 Stone Arrow              Conj/Erth      0%         3d7       100%        3
 Cause Fear               Hex            0%         N/A       100%        4
 Leda's Liquefaction      Hex/Erth       0%         N/A       100%        4
 Petrify                  Tmut/Erth      0%         N/A       100%        4
 Lee's Rapid Deconstruct  Erth           0%         3d5*      100%        5


Dungeon Overview and Level Annotations

Branches:
Dungeon (4/15)             Temple (1/1) D:4

Altars:
Ashenzari
Cheibriados
Dithmenos
Fedhas
Kikubaaqudgha
Nemelex Xobeh
Qazlal
Ru
Sif Muna
Trog
Uskayaw
Vehumet
Wu Jian
Xom
Zin

Shops:
D:1 *   D:3 *


Innate Abilities, Weirdness & Mutations

You are immune to sickness and miasma.
Your stone body is resilient. (AC +4)
You are immune to poison.
You resist negative energy. (rN+)
You are resistant to electric shocks. (rElec)
You are resistant to unholy torment.
You are immune to petrification.


Message History

There is an open door here.
There is an open door here.
Things that are here:
a +0 dagger; a goblin corpse An orc priest comes into view.
It is wielding a +0 trident.
An orc comes into view. It is wielding a +0 trident.
You see here a +0 dagger.
A hobgoblin comes into view.
The orc priest casts a cantrip, but nothing happens.
The hobgoblin shouts!
The orc priest hits you from afar with a +0 trident!
You block the orc's attack.
An orc priest comes into view. It is wielding a +0 flail.
An iguana comes into view.
The orc priest barely misses you.
The orc priest shouts!
The iguana hisses angrily.
You hit the orc priest but do no damage.
You hit the orc.
You hear a shout!
The orc hits you but does no damage.
An orc wizard comes into view. It is wielding a +0 dagger.
The orc priest hits you but does no damage.
The orc closely misses you.
The orc priest hits you but does no damage.
You block the orc's attack.
The orc priest calls upon Beogh to heal the orc.
The orc's wounds heal themselves!
You see here a +0 dagger.
The orc priest casts a cantrip, but nothing happens.
The orc priest looks braver for a moment.
The orc priest invokes the aid of Beogh against you.
Beogh smites you!
The orc priest casts a cantrip, but nothing happens.
The orc priest calls down the wrath of Beogh upon you.
Beogh smites you!
* * * LOW HITPOINT WARNING * * *
There is a stone staircase leading down here.
The orc priest mumbles some strange prayers to Beogh against you.
Beogh smites you!
You die...

..#######...## ##$$$##
#.#. ...........##
###$### #.#. ###.##.###.#
#.###.# #... .......##..#
#.._..# ##>.#
#####..##.## #.....#
#...# #.....# ###'###
##..#
##.##.###########.#.#
#... #[##........#......#
####
######.##.######@#.######
..........# #g#.#
...)......# #o#.# ##
...)......# #..)# ##
..........# #)### #.####
....<.....# #o#### #...J+
..........# ##lo..#
###### ..........#
#.o...# ## ..........#
#......# ##


You could see an iguana, 3 orc priests, an orc and a hobgoblin.

Vanquished Creatures
  Sigmund (D:4)
  Eustachio (D:4)
  Blork the orc (D:3)
  A howler monkey (D:4)
  A crimson imp (D:4)
  Crazy Yiuf (D:2)
  A hound (D:4)
  Jessica (D:3)
  Natasha (D:2)
  Terence (D:3)
  An orc wizard (D:4)
  5 gnolls
  7 adders
  A white imp (D:4)
  3 worms
  6 dart slugs
  10 orcs
  6 endoplasms
  5 giant cockroaches
  6 hobgoblins
  14 jackals
  4 quokkas
  6 ball pythons
  4 bats
  5 frilled lizards
  9 goblins
  7 kobolds
  5 rats
114 creatures vanquished.

Notes
Turn   | Place    | Note
-------+----------+-------------------------------------------
     0 | D:1      | bande the Gargoyle Fighter began the quest for the Orb.
     0 | D:1      | Reached XP level 1. HP: 14/14 MP: 1/1
   210 | D:1      | Reached XP level 2. HP: 5/19 MP: 2/2
   593 | D:1      | Found Sualeaff's Assorted Antiques.
   600 | D:1      | Reached XP level 3. HP: 20/23 MP: 3/3
  1699 | D:1      | Reached XP level 4. HP: 25/29 MP: 4/4
  2186 | D:2      | Found a runed translucent door.
  2187 | D:2      | Noticed Crazy Yiuf
  2419 | D:2      | Found a shimmering altar of Xom.
  2796 | D:2      | Reached XP level 5. HP: 33/33 MP: 5/5
  3047 | D:2      | Killed Crazy Yiuf
  3272 | D:3      | Noticed Jessica
  3647 | D:3      | Noticed Natasha
  3648 | D:3      | Found a faded altar of an unknown god.
  3648 | D:3      | Noticed Terence
  3745 | D:2      | Killed Natasha
  3746 | D:2      | Reached skill level 1 in Dodging
  3746 | D:2      | Reached XP level 6. HP: 8/39 MP: 6/6
  4027 | D:3      | Killed Terence
  4341 | D:3      | Found a sparkling altar of Nemelex Xobeh.
  4660 | D:3      | Found Iheclaef's Assorted Antiques.
  4838 | D:3      | Killed Jessica
  5124 | D:4      | Noticed Blork the orc
  5283 | D:3      | Killed Blork the orc
  5284 | D:3      | Reached XP level 7. HP: 20/44 MP: 7/7
  5649 | D:4      | Found a staircase to the Ecumenical Temple.
  5654 | Temple   | Entered the Ecumenical Temple
  5955 | D:4      | Noticed Eustachio
  5958 | D:4      | Noticed Sigmund
  5965 | D:4      | Killed Eustachio
  5966 | D:4      | Reached skill level 5 in Armour
  5971 | D:4      | Killed Sigmund
  5972 | D:4      | Reached skill level 5 in Shields
  6127 | D:4      | Reached skill level 5 in Axes
  6287 | D:4      | Found a glowing silver altar of Zin.
  6314 | D:4      | Killed from afar by an orc priest

Illustrated notes

Levels and vault maps discovered:
D:1:      eino_arrival_cavern_e, layout_loops_ring, serial_shops,
          shop_fountains, st_stairs_10, dk_noncrumbling_2
D:2:      layout_basic, basic_altar, chequers_mini_garden, minmay_tetromino_l4,
          uniq_crazy_yiuf_cottage
D:3:      layout_loops_ring, nemelex_spade_bored_becter,
          hellmonk_ecumenical_altar_dog_temple, serial_shops,
          nicolae_shop_competitors_out_of_business, uniq_jessica, uniq_natasha,
          uniq_terence
D:4:      layout_rooms, zin_treasury, temple_doors_e, minmay_misc_feat_pillars,
          minmay_misc_feat_secret_circle, minmay_fire_ice_demons,
          uniq_eustachio, uniq_sigmund, uniq_blork_the_orc
Temple:   minmay_temple_bridge_abc

Skill      XL: |  1  2  3  4  5  6  7 |
---------------+----------------------+-----
Axes           | 2 3 4 5 |  5.0
Fighting       | 4 |  4.9
Armour         | 4 5 |  5.4
Shields        | 4 5 |  5.1
Dodging        | 1 2 |  2.0

Action                   |  1- 3 |  4- 6 |  7- 9 || total
-------------------------+-------+-------+-------++-------
Melee: War axe           |    57 |   230 |       ||   287
       Hand axe          |       |    43 |    46 ||    89
  Use: Potion            |       |     4 |     1 ||     5
       Scroll            |       |     4 |       ||     4
Armor: Scale mail        |    36 |   198 |       ||   234
       Skin              |       |    12 |       ||    12
       Chain mail        |       |       |    31 ||    31
Dodge: Dodged            |    24 |   114 |    13 ||   151
Block: Kite shield       |    42 |   200 |    26 ||   268

Table legend: (Time is in decaauts)
 A = Elapsed time spent in this place.
 B = Non-inter-level travel time spent in this place.
 C = Inter-level travel time spent in this place.
 D = Time resting spent in this place.
 E = Time spent auto-exploring this place.
 F = Levels seen in this place.
 G = Mean time per level.
                   A        B        C        D        E       F      G
               +--------+--------+--------+--------+--------+-----+--------+
         Total |   6545 |   6438 |    107 |   2314 |   2835 |   5 | 1309.0 |
       Dungeon |   6333 |   6249 |     84 |   2314 |   2672 |   4 | 1583.2 |
        Temple |    212 |    189 |     23 |      0 |    163 |   1 |  212.0 |
               +--------+--------+--------+--------+--------+-----+--------+

Top non-repeatable levels by time:
     D:1: 2067 daAuts
     D:3: 1758 daAuts
     D:2: 1758 daAuts
     D:4: 747 daAuts
  Temple: 212 daAuts
